 Dungeon Crawl Stone Soup version 0.30.1-4-g462c640d31 (webtiles) character file.

Game seed: 843601469738486051

62 Labrat the Digger (level 4, 0/33 HPs)
             Began as a Meteoran Earth Elementalist on Aug 30, 2023.
             Slain by Robin
             ... wielding a +0 short sword
              (3 damage)
             ... on level 2 of the Dungeon.
             The game lasted 00:07:16 (645 turns).

Labrat the Digger (Meteoran Earth Elementalist)      Turns: 645, Time: 00:07:16

Health: 0/33       AC:  2    Str:  9    XL:     4   Next: 53%
Magic:  0/10       EV: 12    Int: 19    God:
Gold:   60         SH:  0    Dex: 14    Spells: 7/10 levels left

rFire   . . .        e - +5 club
rCold   . . .        (no shield)
rNeg    . . .        a - +0 robe
rPois   .            (no helmet)
rElec   .            (no cloak)
rCorr   .            (no gloves)
SInv    .            (no boots)
Will    .....        (no amulet)
Stlth   +            (no ring)
HPRegen 0.25/turn    (no ring)
MPRegen 0.12/turn

%: no passive effects
@: glowing
A: sense surroundings 1, otherworldly, glowing, explore regen
a: no special abilities


You were on level 2 of the Dungeon.
You visited 1 branch of the dungeon, and saw 3 of its levels.

You collected 60 gold pieces.

Inventory:

Hand Weapons
 e - a +5 club (weapon)
Armour
 a - a +0 robe (worn)
 d - a +0 buckler
Scrolls
 c - 3 scrolls of identify {unknown}
Potions
 b - a potion of magic
 f - a potion of curing {unknown}
 g - 2 potions of brilliance {unknown}


   Skills:
 - Level 2.4 Dodging
 - Level 1.4 Stealth
 + Level 3.7 Spellcasting
 + Level 2.8 Transmutations
 + Level 4.4 Earth Magic


You had 7 spell levels left.
You knew the following spells:

 Your Spells              Type           Power      Damage    Failure   Level
a - Sandblast             Erth           40%        2d10      2%          1
b - Passwall              Tmut/Erth      14%        N/A       4%          2

Your spell library contained the following spells:

 Spells                   Type           Power      Damage    Failure   Level
 Stone Arrow              Conj/Erth      24%        3d8       17%         3
 Petrify                  Tmut/Erth      17%        N/A       32%         4


Dungeon Overview and Level Annotations

Branches:
Dungeon (3/15) Zot: 1130

Altars:
Nemelex Xobeh

Annotations:
D:2 Robin


Innate Abilities, Weirdness & Mutations

You passively map a small area around you.
You are easily found by Zot.
You glow in the dark.
You regain HP and MP as you explore.


Message History

Nothing appears to happen.
Robin misses you.
You hit Robin.
Robin is severely wounded.
Robin hits you but does no damage.
You hit Robin but do no damage.
Robin is heavily wounded.
Robin barely misses you. Robin hits you with a +0 short sword.
* * * LOW HITPOINT WARNING * * *
Casting: Sandblast (safe; 2% risk of failure)
Confirm with . or Enter, or press ? or * to list all spells.
Aiming: Sandblast (safe; 2% risk of failure)
Press: ? - help, Shift-Dir - straight line, f/p - Robin
Aim: Robin, wielding a +0 short sword, wearing a +2 animal skin and wearing a +0 helmet (heavily wounded, 87% to hit)
The blast of sand misses Robin.
Robin's horned helmet rattles.
Robin hits you with a +0 short sword.
* * * LOW HITPOINT WARNING * * *
Casting: Sandblast (safe; 2% risk of failure)
Confirm with . or Enter, or press ? or * to list all spells.
Aiming: Sandblast (safe; 2% risk of failure)
Press: ? - help, Shift-Dir - straight line, f/p - Robin
Aim: Robin, wielding a +0 short sword, wearing a +2 animal skin and wearing a +0 helmet (heavily wounded, 87% to hit)
The blast of sand hits Robin.
Robin is severely wounded.
Robin barely misses you. Robin hits you with a +0 short sword.
* * * LOW HITPOINT WARNING * * *
Casting: Sandblast (safe; 2% risk of failure)
Confirm with . or Enter, or press ? or * to list all spells.
Aiming: Sandblast (safe; 2% risk of failure)
Press: ? - help, Shift-Dir - straight line, f/p - Robin
Aim: Robin, wielding a +0 short sword, wearing a +2 animal skin and wearing a +0 helmet (severely wounded, 87% to hit)
The blast of sand hits Robin but does no damage.
Robin is severely wounded.
Robin hits you with a +0 short sword.
* * * LOW HITPOINT WARNING * * *
Your magical contamination has completely faded away.
You hit Robin.
Robin is almost dead.
Robin hits you with a +0 short sword.
You die...

#.# * * * * #.# ,
#.##############
#.#....†........#
..###.##########.#
.#. #..# #.# #
...## ##.# ##.#*
#))# #. #@## #.
#g# # * #)# * ,*
#)# * , * * #.# *
#.# * , ..# , ..#
,, * ,


You could see Robin.

Vanquished Creatures
  Jessica (D:2)
  A worm (D:2)
  A dart slug (D:1)
  3 endoplasms
  A giant cockroach (D:1)
  10 goblins (D:2)
  2 hobgoblins
  A ball python (D:1)
  A bat (D:2)
  4 frilled lizards
  4 kobolds (D:1)
  A rat (D:1)
30 creatures vanquished.

Notes
Turn   | Place    | Note
-------+----------+-------------------------------------------
     0 | D:1      | Labrat the Meteoran Earth Elementalist began the quest for
                  | the Orb.
     0 | D:1      | Reached XP level 1. HP: 14/14 MP: 5/5
   123 | D:1      | Reached XP level 2. HP: 20/20 MP: 4/6
   157 | D:2      | Found a sparkling altar of Nemelex Xobeh.
   170 | D:2      | Noticed Jessica
   197 | D:2      | Killed Jessica
   198 | D:2      | Reached skill level 4 in Earth Magic
   198 | D:2      | Reached XP level 3. HP: 22/26 MP: 1/8
   234 | D:3      | Learned a level 2 spell: Passwall
   331 | D:1      | Reached XP level 4. HP: 33/33 MP: 7/10
   456 | D:1      | Found a faded altar of an unknown god.
   624 | D:2      | Noticed Robin
   645 | D:2      | Slain by Robin

Illustrated notes

Levels and vault maps discovered:
D:1:      dpeg_arrival_erosion, layout_loops_ring,
          ebering_ecumenical_altar_abandoned, serial_forest,
          infiniplex_forest_clump_double, infiniplex_forest_join,
          infiniplex_forest_lined_4_way, infiniplex_forest_lined_3,
          infiniplex_forest_lined_3, infiniplex_forest_lined_3,
          infiniplex_forest_clump_curved
D:2:      layout_loops_corners, basic_altar, uniq_jessica, uniq_robin
D:3:      layout_basic, serial_forest, infiniplex_forest_join,
          infiniplex_forest_clump_double, infiniplex_forest_end_double,
          infiniplex_forest_straight_2, infiniplex_forest_3_way,
          infiniplex_forest_straight_5, infiniplex_forest_split,
          infiniplex_forest_clump_medium, uniq_ijyb, uniq_natasha

Skill      XL: |  1  2 |
---------------+-------+-----
Spellcasting   | 3 |  3.7
Transmutations | 2 |  2.8
Earth Magic    | 4 |  4.4
Dodging        | |  2.4
Stealth        | |  1.4

Action                     |  1- 3 |  4- 6 || total
---------------------------+-------+-------++-------
  Melee: Club              |     1 |    18 ||    19
   Cast: Sandblast         |    18 |    20 ||    38
         Passwall          |     1 |       ||     1
 Armour: Robe              |       |     3 ||     3
  Dodge: Dodged            |     3 |     8 ||    11
